 Dungeon Crawl Stone Soup version 0.22.1-1-ga44c0e5 (webtiles) character file.

725 Fang the Chopper (level 7, -4/44 HPs)
             Began as a Gargoyle Berserker on Sept 26, 2018.
             Was a Priest of Trog.
             Slain by a slave (6 damage)
             ... led by Pikel
             ... on level 4 of the Dungeon.
             The game lasted 00:11:30 (5538 turns).

Fang the Chopper (Gargoyle Berserker)               Turns: 5538, Time: 00:11:31

Health: -4/44      AC:  7    Str: 22    XL:     7   Next: 72%
Magic:  7/7        EV: 13    Int:  8    God:    Trog [***...]
Gold:   145        SH:  0    Dex:  9    Spells: 6/6 levels left

rFire    . . .     SeeInvis .   a - +0 hand axe
rCold    . . .     Gourm    .   (no shield)
rNeg     + . .     Faith    .   b - +0 animal skin
rPois    ∞         Spirit   .   (no helmet)
rElec    +         Reflect  .   (no cloak)
rCorr    .         Harm     .   (no gloves)
MR       .....                  (no boots)
Stlth    +.........             (no amulet)
HPRegen  0.14/turn              (no ring)
MPRegen  0.10/turn              (no ring)

@: about to teleport, berserk cooldown, starving, slowed, very slow
A: negative energy resistance 1, electricity resistance, unbreathing,
petrification resistance, rot immunity, AC +4
a: Berserk, Trog's Hand, Renounce Religion


You were on level 4 of the Dungeon.
You worshipped Trog.
Trog was most pleased with you.
You were starving.

You visited 1 branch of the dungeon, and saw 4 of its levels.

You collected 145 gold pieces.

Inventory:

Hand Weapons
 a - a +0 hand axe (weapon)
Armour
 b - a +0 animal skin (worn)
Jewellery
 r - an uncursed ring of poison resistance {unknown}
Scrolls
 e - 2 scrolls of remove curse {unknown}
 f - 4 scrolls of identify {unknown}
 h - 2 scrolls of fear {unknown}
 i - 2 scrolls of teleportation
 j - 2 scrolls of enchant weapon {unknown}
 l - a scroll of immolation {unknown}
 p - a scroll of fog {unknown}
Potions
 d - 3 potions of curing {unknown}
 g - 2 potions of cancellation {unknown}
 k - a potion of berserk rage {unknown}
 m - a potion of magic
 n - 2 potions of agility {unknown}
 o - a potion of ambrosia {unknown}
 s - a potion of heal wounds {unknown}
 t - a potion of degeneration {unknown}
Comestibles
 c - 3 rations


   Skills:
 + Level 5.4 Fighting
 + Level 5.9 Axes
 + Level 2.3 Armour
 + Level 3.5 Dodging
 + Level 1.5 Stealth


You had 6 spell levels left.
You didn't know any spells.
Your spell library was empty.

Dungeon Overview and Level Annotations

Branches:
Dungeon (4/15)
 Temple: D:4-7

Altars:
Hepliaklqana
Makhleb
Sif Muna
Xom

Shops:
D:4 ?

Annotations:
D:4 Pikel


Innate Abilities, Weirdness & Mutations

You are resistant to torment.
Your stone body is resilient. (AC +4)
You are immune to poison.
You resist negative energy. (rN+)
You are resistant to electric shocks. (rElec)
You can survive without breathing.
You are immune to petrification.
You are immune to rotting.


Message History

You completely miss the slave. You barely miss the slave.
Pikel hits you with a whip of freezing.
* * * LOW HITPOINT WARNING * * *
Pikel freezes you.
* * * LOW HITPOINT WARNING * * *
The slave misses you. The slave closely misses you. Pikel closely misses you.
The slave completely misses you. The slave hits you but does no damage.
It was a potion of magic.
Magic courses through your body. Pikel hits you with a whip of freezing.
* * * LOW HITPOINT WARNING * * *
Pikel freezes you.
* * * LOW HITPOINT WARNING * * *
The slave hits you but does no damage. The slave barely misses you.
As you read the scroll labeled HUOTHALLUTU, it crumbles to dust.
You feel strangely unstable.
It was a scroll of teleportation.
You are starving!
Pikel misses you. The slave hits you.
* * * LOW HITPOINT WARNING * * *
The slave completely misses you. Pikel closely misses you. The slave hits you.
You die...

########
##......# #
#######..####..#
####........#
.....#......##
....###..##..##
#..## #..####.##
..## ##.# ##.###
...# #.# #.K@#
...# #># ##pp#
#### ### #pp## #
#.## #.. #..#
#.# .# .#


You could see Pikel and 4 slaves.

Vanquished Creatures
  A phantom (D:2)
  An ogre (D:4)
  A scorpion (D:4)
  2 hounds (D:4)
  5 orc wizards
  An orc priest (D:4)
  Natasha (D:2)
  2 worker ants (D:4)
  2 hound skeletons (D:4)
  Robin (D:3)
  6 adders
  An adder skeleton (D:4)
  2 worms
  A dart slug (D:1)
  2 leopard geckos
  11 orcs
  7 bats
  5 giant cockroaches
  14 goblins
  8 hobgoblins
  5 jackals
  7 kobolds
  2 quokkas
  5 frilled lizards
  4 rats
97 creatures vanquished.

Notes
Turn   | Place    | Note
-------+----------+-------------------------------------------
     0 | D:1      | Fang the Gargoyle Berserker began the quest for the Orb.
     0 | D:1      | Reached XP level 1. HP: 14/14 MP: 1/1
    64 | D:1      | Reached XP level 2. HP: 14/19 MP: 2/2
   388 | D:1      | Reached XP level 3. HP: 13/23 MP: 3/3
   987 | D:2      | Reached ** piety under Trog
  1089 | D:2      | Noticed a phantom
  1700 | D:2      | Reached XP level 4. HP: 6/29 MP: 4/4
  2040 | D:2      | Paralysed by fainting for 9 turns
  2096 | D:2      | Paralysed by fainting for 9 turns
  2136 | D:2      | Paralysed by fainting for 12 turns
  2226 | D:2      | Killed a phantom
  2226 | D:2      | Reached XP level 5. HP: 29/34 MP: 5/5
  2524 | D:2      | Found a shimmering altar of Xom.
  2672 | D:2      | Noticed Natasha
  2681 | D:2      | Killed Natasha
  2769 | D:3      | Found a deep blue altar of Sif Muna.
  3262 | D:3      | Found a hazy altar of Hepliaklqana.
  3517 | D:3      | Reached XP level 6. HP: 39/39 MP: 6/6
  3558 | D:3      | Noticed Robin
  3571 | D:3      | Killed Robin
  3872 | D:3      | Found a burning altar of Makhleb.
  3872 | D:3      | Noticed a blizzard demon
  3875 | D:3      | Noticed a ynoxinul
  3875 | D:3      | Noticed a neqoxec
  4092 | D:4      | Reached *** piety under Trog
  4228 | D:4      | Reached skill level 1 in Stealth
  4235 | D:4      | Reached skill level 5 in Fighting
  4339 | D:4      | Reached skill level 5 in Axes
  4522 | D:4      | Reached XP level 7. HP: 28/44 MP: 7/7
  5256 | D:4      | Found Peagenen's Magic Scroll Shop.
  5521 | D:4      | Noticed Pikel
  5538 | D:4      | HP: 2/44 [slave[Pikel] (4)]
  5538 | D:4      | Slain by a slave

Skill      XL: |  1  2  3  4  5  6 |
---------------+-------------------+-----
Axes           | 3 4 5 |  5.9
Dodging        | 2 3 |  3.5
Fighting       | 4 5 |  5.4
Stealth        | 1 |  1.5
Armour         | |  2.3

Action                   |  1- 3 |  4- 6 |  7- 9 || total
-------------------------+-------+-------+-------++-------
Melee: Hand axe          |   118 |   225 |    76 ||   419
Invok: Berserk           |     1 |     5 |     2 ||     8
  Use: Scroll            |       |       |     1 ||     1
       Potion            |       |       |     1 ||     1
 Stab: Sleeping          |       |       |     1 ||     1
  Eat: Chunk             |     1 |    12 |     4 ||    17
       Ration            |       |     1 |       ||     1
Armor: Animal skin       |    47 |    94 |    39 ||   180
Dodge: Dodged            |   107 |   124 |    88 ||   319
